 Dungeon Crawl Stone Soup version 0.28.0-47-ge53b351184 (webtiles) character file.

Game seed: 13155498872580869489

149 bobregger the Grappler (level 5, -12/46 HPs)
             Began as a Ghoul Monk on Apr 27, 2022.
             Mangled by an orc warrior
             ... wielding a +0 flail
              (20 damage)
             ... on level 3 of the Dungeon.
             The game lasted 00:02:05 (1695 turns).

bobregger the Grappler (Ghoul Monk)                 Turns: 1695, Time: 00:02:06

Health: -12/46     AC:  2    Str: 15    XL:     5   Next: 31%
Magic:  4/4        EV: 13    Int:  5    God:
Gold:   150        SH:  0    Dex: 13    Spells: 4/4 levels left

rFire   . . .      SeeInvis .     - Unarmed
rCold   + . .      Faith    .   (no shield)
rNeg    + + +      Spirit   .   a - +0 robe
rPois   ∞          Reflect  .   (no helmet)
rElec   .          Harm     .   (no cloak)
rCorr   .          Rampage  .   (no gloves)
Will    .....                   (no boots)
Stlth   ++........              (no amulet)
HPRegen 0.00/turn               (no ring)
MPRegen 0.09/turn               (no ring)

@: inhibited regen
A: claws 1, cold resistance 1, negative energy resistance 3, inhibited
regeneration, torment resistance 2
a: no special abilities


You were on level 3 of the Dungeon.
You visited 1 branch of the dungeon, and saw 3 of its levels.

You collected 150 gold pieces.

Inventory:

Armour
 a - a +0 robe (worn)
Jewellery
 b - an amulet of the acrobat
 j - a +4 ring of evasion
Scrolls
 c - a scroll of identify {unknown}
 d - a scroll of immolation {unknown}
 e - a scroll of blinking {unknown}
 f - a scroll of fog {unknown}
 g - 2 scrolls of teleportation {unknown}
 h - a scroll of brand weapon {unknown}
 i - a scroll of vulnerability {unknown}
 k - a scroll of enchant weapon {unknown}
 o - a scroll of holy word {unknown}


   Skills:
 + Level 3.9 Fighting
 + Level 3.2 Dodging
 - Level 2.1 Stealth
 * Level 13.1 Unarmed Combat


You had 4 spell levels left.
You didn't know any spells.
Your spell library contained the following spells:

 Spells                   Type           Power      Damage    Failure   Level
 Magic Dart               Conj           0%         1d3       47%         1
 Call Imp                 Summ           0%         N/A       63%         2
 Gell's Gravitas          Tloc           0%         N/A       85%         3
 Mephitic Cloud           Conj/Pois/Air  0%         N/A       85%         3
 Teleport Other           Tloc           0%         N/A       85%         3
 Dispersal                Tloc           0%         N/A       100%        6


Dungeon Overview and Level Annotations

Branches:
Dungeon (3/15)

Altars:
Uskayaw

Shops:
D:2 [


Innate Abilities, Weirdness & Mutations

You thrive by killing the living.
You are immune to poison.
You have sharp fingernails.
Your flesh is cold resistant. (rC+)
You are immune to negative energy. (rN+++)
You do not regenerate when monsters are visible.
You are immune to unholy pain and torment.


Message History

The orc priest invokes the aid of Beogh against you.
Beogh smites you!
A goblin comes into view. It is wielding a +0 club.
It was a potion of curing.
You feel better.
The orc priest hits you with a +0 hand axe.
It was a potion of cancellation.
You feel magically purged.
The orc priest hits you with a +0 hand axe.
It was a potion of experience.
You feel more experienced!
Your Unarmed Combat skill gained 9 levels and is now at level 13!
You have reached level 5!
You feel stronger.
The orc priest looks braver for a moment.
An orc comes into view. It is wielding a +0 short sword.
The orc shouts!
You claw the orc priest!
You kill the orc priest!
The orc warrior hits you but does no damage.
Things that are here:
a +0 hand axe; a +0 leather armour You barely miss the orc warrior.
The orc warrior hits you with a +0 flail!
* * * LOW HITPOINT WARNING * * *
You scratch the orc warrior but do no damage.
The orc warrior closely misses you.
You mangle the orc warrior!!
The orc warrior is severely wounded.
The orc warrior barely misses you.
You barely miss the orc warrior.
The orc warrior is severely wounded.
The orc warrior closely misses you.
You scratch the orc warrior but do no damage.
The orc warrior is severely wounded.
You scratch the orc warrior but do no damage.
The orc warrior is severely wounded.
The orc warrior barely misses you.
You scratch the orc warrior but do no damage.
The orc warrior is severely wounded.
The orc warrior hits you with a +0 flail!!
You die...

.## #.# ......§..# .# #.#
#######.## .# #.# #.# .# #.#
#.# .# #.# #)# .# #.# #.#
.#########.# ##.#######
...).....#.###########.........
########........@oo............
#.#.#.#########.#.######
#.#.#.#########.#.#
########.................#
..........#............###
#########...############ #####


You could see an orc warrior and an orc.

Vanquished Creatures
  An orc priest (D:3)
  2 adders (D:2)
  5 orcs (D:3)
  3 bats
  7 endoplasms
  2 giant cockroaches
  5 goblins
  2 hobgoblins (D:1)
  3 kobolds
  A quokka (D:2)
  3 frilled lizards (D:1)
34 creatures vanquished.

Notes
Turn   | Place    | Note
-------+----------+-------------------------------------------
     0 | D:1      | bobregger the Ghoul Monk began the quest for the Orb.
     0 | D:1      | Reached XP level 1. HP: 19/19 MP: 0/0
   246 | D:1      | Reached XP level 2. HP: 22/26 MP: 1/1
   806 | D:2      | Found a faded altar of an unknown god.
   886 | D:2      | Reached skill level 4 in Unarmed Combat
   886 | D:2      | Reached XP level 3. HP: 29/33 MP: 2/2
  1075 | D:2      | Found Pafaf's Armour Shoppe.
  1657 | D:3      | Reached XP level 4. HP: 40/40 MP: 3/3
  1658 | D:3      | Found a hide-covered altar of Uskayaw.
  1659 | D:3      | Noticed an orc warrior
  1677 | D:3      | Reached skill level 13 in Unarmed Combat
  1677 | D:3      | Reached XP level 5. HP: 21/46 MP: 4/4
  1695 | D:3      | Mangled by an orc warrior

Illustrated notes

Levels and vault maps discovered:
D:1:      nzn_arrival_depleted_hourglass, layout_rooms, serial_curves,
          eino_curves_03, eino_curves_03
D:2:      layout_rooms, shapermc_ecumenical_altar_totnotflames, serial_shops,
          shop, minmay_pentomino_t2
D:3:      layout_loops_ring, mainiacjoe_overflow_brackets, ebering_ghost_gozag,
          chequers_serial_rivers_micro_a

Skill      XL: |  1  2  3  4 |
---------------+-------------+-----
Dodging        | 3 |  3.2
Unarmed Combat | 4 13 | 13.1
Fighting       | |  3.9
Stealth        | |  2.1

Action                   |  1- 3 |  4- 6 || total
-------------------------+-------+-------++-------
Melee: Unarmed           |    77 |    16 ||    93
       Punch             |     3 |       ||     3
  Use: Potion            |       |     3 ||     3
 Stab: Sleeping          |     8 |       ||     8
Armor: Robe              |    12 |     1 ||    13
Dodge: Dodged            |    36 |     7 ||    43
